 Dungeon Crawl Stone Soup version 0.25-a0-435-g4b9beb1024 (webtiles) character file.

Game seed: 10918990998736298689, levelgen mode: deterministic

54 asdasdasd321 the Ruffian (level 3, -9/54 HPs)
             Began as a Troll Berserker on Jan 29, 2020.
             Was a Follower of Trog.
             Mangled by a gnoll
             ... wielding a +0 halberd
              (15 damage)
             ... on level 2 of the Dungeon.
             The game lasted 00:01:32 (394 turns).

asdasdasd321 the Ruffian (Troll Berserker)           Turns: 394, Time: 00:01:32

Health: -9/54      AC:  6    Str: 30    XL:     3   Next: 66%
Magic:  2/2        EV: 10    Int:  3    God:    Trog [*.....]
Gold:   36         SH:  0    Dex: 10    Spells: 2/2 levels left

rFire    . . .     SeeInvis .     - Unarmed
rCold    . . .     Gourm    +   (no shield)
rNeg     . . .     Faith    .   a - +0 animal skin
rPois    .         Spirit   .   (helmet restricted)
rElec    .         Reflect  .   (no cloak)
rCorr    .         Harm     .   (gloves unavailable)
MR       .....                  (boots unavailable)
Stlth    ..........             (no amulet)
HPRegen  0.58/turn              (no ring)
MPRegen  0.08/turn              (no ring)

@: berserking (expiring), very quick
A: large, unfitting armour, claws 3, fast metabolism 3, gourmand, regeneration
1, shaggy fur 1, tough skin 3
a: Berserk, Renounce Religion


You were on level 2 of the Dungeon.
You worshipped Trog.
Trog was aware of your devotion.
You were very full.

You visited 1 branch of the dungeon, and saw 2 of its levels.

You collected 36 gold pieces.

Inventory:

Armour
 a - a +0 animal skin (worn)
Scrolls
 c - a scroll of magic mapping {unknown}
 d - a scroll of fear {unknown}
 e - 2 scrolls of identify {unknown}
Comestibles
 b - 2 rations


   Skills:
 + Level 2.9 Fighting
 + Level 2.9 Dodging
 + Level 3.7 Unarmed Combat


You had 2 spell levels left.
You didn't know any spells.
Your spell library was empty.

Dungeon Overview and Level Annotations

Branches:
Dungeon (2/15)

Altars:


Innate Abilities, Weirdness & Mutations

You are too large for most types of armour.
You have claws for hands.
Your metabolism is lightning-fast.
You like to eat raw meat.
Your natural rate of healing is unusually fast.
You are covered in fur. (AC +1)
You have extremely tough skin. (AC +3)


Message History

A red film seems to cover your vision as you go berserk!
You feel yourself moving faster!
You feel mighty!
You feel a lot less full. The leopard gecko closely misses you.
The leopard gecko bites you but does no damage.
You closely miss the gnoll.
The gnoll hits you with a +0 vorpal halberd!
* * * LOW HITPOINT WARNING * * *
x2 You claw the gnoll!
The gnoll is severely wounded.
The leopard gecko barely misses you.
You claw the gnoll!
You kill the gnoll!
Trog accepts your kill. The leopard gecko closely misses you.
The gnoll closely misses you.
You barely miss the gnoll. You barely miss the leopard gecko.
The leopard gecko bites you but does no damage.
The goblin closely misses you. The gnoll hits you but does no damage.
The gnoll hits you from afar with a +0 halberd!
You die...

##.#. .....
##....##### ......
... ##...w##.######
.....gg........
#..lg...#### #
#..g@......#
.#..b.......#
.............)#.###
##.##............(. #
#......######## ...#.
#......#
....#.#####.###
...........#.#
#..)........#.#######


You could see 3 gnolls, a dart slug, a leopard gecko, a goblin and a bat.

Vanquished Creatures
  A gnoll (D:2)
  3 adders (D:2)
  An ooze (D:2)
  A worm (D:2)
  2 bats (D:1)
  3 hobgoblins (D:1)
  A frilled lizard (D:2)
  A kobold (D:1)
  2 rats (D:1)
15 creatures vanquished.

Notes
Turn   | Place    | Note
-------+----------+-------------------------------------------
     0 | D:1      | asdasdasd321 the Troll Berserker began the quest for the
                  | Orb.
     0 | D:1      | Reached XP level 1. HP: 22/22 MP: 0/0
   244 | D:1      | Reached XP level 2. HP: 24/29 MP: 1/1
   256 | D:1      | You fall into a shaft and drop 1 floor!
   329 | D:2      | Reached XP level 3. HP: 36/36 MP: 2/2
   394 | D:2      | Mangled by a gnoll

Levels and vault maps discovered:
D:1:      lemuel_arrival_muddy, layout_basic
D:2:      minmay_roachtagon, layout_basic, minmay_misc_feat_chi

Action                   || total
-------------------------++-------
Melee: Unarmed           ||    32
Invok: Berserk           ||     1
  Eat: Chunk             ||     8
Armor: Animal skin       ||    19
Dodge: Dodged            ||    25

Table legend:
 A = Non-vault XP
 B = Vault XP
 C = Vault XP percentage of total XP
 D = Non-vault monster count
 E = Vault monster count
 F = Vault count percentage of total count
                 A         B        C        D         E       F
            +---------+---------+-------+---------+---------+-------
      Total |      78 |       0 |   0.0 |      15 |       0 |   0.0
            +---------+---------+-------+---------+---------+-------
        D:1 |      12 |       0 |   0.0 |       8 |       0 |   0.0
        D:2 |      66 |       0 |   0.0 |       7 |       0 |   0.0
            +---------+---------+-------+---------+---------+-------
